 Dungeon Crawl Stone Soup version 0.28-b1-25-g9875b3fc8c (webtiles) character file.

Game seed: 8006629675952986026

114 adizb the Stinger (level 4, -3/35 HPs)
             Began as a Draconian Venom Mage on Feb 2, 2022.
             Slain by Natasha (5 damage)
             ... on level 2 of the Dungeon.
             The game lasted 00:11:52 (1872 turns).

adizb the Stinger (Draconian Venom Mage)            Turns: 1872, Time: 00:11:52

Health: -3/35      AC:  5    Str: 10    XL:     4   Next: 67%
Magic:  0/7        EV: 12    Int: 17    God:
Gold:   60         SH:  0    Dex: 12    Spells: 6/7 levels left

rFire   . . .      SeeInvis .   d - staff of death
rCold   . . .      Faith    .   (no shield)
rNeg    + . .      Spirit   .   (armour unavailable)
rPois   .          Reflect  .   (helmet restricted)
rElec   .          Harm     .   (no cloak)
rCorr   .          Rampage  .   (no gloves)
Will    .....                   (no boots)
Stlth   ++........              (no amulet)
HPRegen 0.11/turn               (no ring)
MPRegen 0.10/turn               (no ring)

@: no status effects
A: AC +5, unfitting armour, cold-blooded
a: no special abilities


You were on level 2 of the Dungeon.
You visited 1 branch of the dungeon, and saw 2 of its levels.

You collected 60 gold pieces.

Inventory:

Missiles
 j - 6 poisoned darts
Magical Staves
 d - a staff of death (weapon)
Scrolls
 b - a scroll of noise {unknown}
 c - a scroll of vulnerability {unknown}
 e - a scroll of teleportation {unknown}
 f - a scroll of enchant weapon {unknown}
 g - a scroll of enchant armour {unknown}
 h - a scroll of identify {unknown}
 k - a scroll of blinking
Potions
 a - a potion of brilliance {unknown}
 i - 2 potions of curing


   Skills:
 + Level 1.6 Fighting
 + Level 1.1 Staves
 + Level 2.3 Dodging
 + Level 2.1 Stealth
 + Level 2.4 Spellcasting
 + Level 1.1 Necromancy
 + Level 1.8 Transmutations
 + Level 3.4 Poison Magic


You had 6 spell levels left.
You knew the following spells:

 Your Spells              Type           Power      Damage    Failure   Level
a - Sting                 Tmut/Pois      44%        1d5       6%          1

Your spell library contained the following spells:

 Spells                   Type           Power      Damage    Failure   Level
 Poisonous Vapours        Pois/Air       14%        N/A       14%         2
 Mephitic Cloud           Conj/Pois/Air  5%         N/A       34%         3
 Olgreb's Toxic Radiance  Pois           13%        N/A       41%         4


Dungeon Overview and Level Annotations

Branches:
Dungeon (2/15)

Altars:

Annotations:
D:2 Natasha


Innate Abilities, Weirdness & Mutations

Your plain brown scales are hard. (AC +5)
You cannot fit into any form of body armour.
You are cold-blooded and may be slowed by cold attacks.


Message History

Press: ? - help, Q - select action, (/) - cycle Shift-Dir - straight line, f/p - Natasha
Aim: Natasha (lightly wounded, poisoned, 64% to hit)
You miscast Sting.
You are very lightly contaminated with residual magic.
Nothing appears to happen.
Natasha wildly gestures.
You feel disoriented. Natasha barely misses you.
Aiming: Sting (safe; 6% risk of failure)
Press: ? - help, Q - select action, (/) - cycle Shift-Dir - straight line, f/p - Natasha
Aim: Natasha (lightly wounded, poisoned, 64% to hit)
The sting hits Natasha.
Natasha looks even sicker.
Natasha is moderately wounded.
Natasha claws you but does no damage.
You closely miss Natasha.
You tail-slap Natasha, but do no damage.
Natasha is heavily wounded.
Natasha claws you.
You closely miss Natasha.
Natasha is heavily wounded.
Natasha claws you.
* * * LOW HITPOINT WARNING * * *
You hit Natasha but do no damage.
Natasha is heavily wounded.
Natasha claws you.
* * * LOW HITPOINT WARNING * * *
You barely miss Natasha.
Your tail-slap misses Natasha.
Natasha is heavily wounded.
Natasha claws you.
* * * LOW HITPOINT WARNING * * *
You hit Natasha.
Natasha is almost dead.
Natasha barely misses you.
Your magical contamination has completely faded away.
You hit Natasha but do no damage.
Natasha is almost dead.
Natasha claws you.
* * * LOW HITPOINT WARNING * * *
Natasha claws you.
You die...

#...#.# ###†#.####.#
#...#.# #.....# #.#
#...#.#### #.#.###
#.# [........# #.#.#
#.# #...#.##.# #.#.#
#.# ##.##.##.# #.#.#
#.#
#.##.##.####.#.####
#.#
##.##..>...........#
#.##########
##.##.........#.@..#
#.........<.
.........######.h..#
###########.
########## ##...# #.
# ##..# #####. #
###########..#
#..... #
#..........#.#
#.#### #
#.########.#.# #.#
#.# #.#.# #.# #.#
#.#.# #.#


You could see Natasha (poisoned).

Vanquished Creatures
  Natasha (twice) (D:2)
  2 adders (D:2)
  A worm (D:2)
  A dart slug (D:1)
  4 bats
  5 endoplasms
  A giant cockroach (D:1)
  2 goblins (D:2)
  2 hobgoblins (D:2)
  3 jackals (D:1)
  2 quokkas
  4 ball pythons
  4 frilled lizards
  7 kobolds
  3 rats
43 creatures vanquished.

Notes
Turn   | Place    | Note
-------+----------+-------------------------------------------
     0 | D:1      | adizb the Draconian Venom Mage began the quest for the Orb.
     0 | D:1      | Reached XP level 1. HP: 14/14 MP: 3/3
   378 | D:1      | Reached XP level 2. HP: 20/20 MP: 3/5
   439 | D:1      | Found a faded altar of an unknown god.
  1089 | D:2      | Reached skill level 1 in Fighting
  1089 | D:2      | Reached XP level 3. HP: 28/28 MP: 4/6
  1557 | D:2      | Noticed Natasha
  1566 | D:2      | Killed Natasha
  1567 | D:2      | Reached skill level 1 in Staves
  1567 | D:2      | Reached skill level 1 in Necromancy
  1567 | D:2      | Reached XP level 4. HP: 20/35 MP: 4/7
  1843 | D:2      | Noticed Natasha
  1852 | D:2      | Killed Natasha
  1859 | D:2      | Noticed Natasha
  1872 | D:2      | Slain by Natasha

Illustrated notes

Levels and vault maps discovered:
D:1:      onia_arrival_pentagram, layout_basic,
          dreamdust_ecumenical_altar_hidden_monk_grotto, st_stairs_3,
          minmay_pentomino_v2
D:2:      layout_loops_ring, uniq_natasha

Skill      XL: |  1  2  3 |
---------------+----------+-----
Dodging        | 2 |  2.3
Fighting       | 1 |  1.6
Staves         | 1 |  1.1
Stealth        | 2 |  2.1
Necromancy     | 1 |  1.1
Spellcasting   | |  2.4
Transmutations | |  1.8
Poison Magic   | |  3.4

Action                   |  1- 3 |  4- 6 || total
-------------------------+-------+-------++-------
Melee: Unarmed           |    20 |       ||    20
       Staff             |    84 |    20 ||   104
       Tailslap          |     8 |     1 ||     9
 Cast: Sting             |    46 |     7 ||    53
  Use: Scroll            |     1 |       ||     1
 Stab: Sleeping          |     2 |       ||     2
Armor: Skin              |    47 |     8 ||    55
Dodge: Dodged            |    80 |    11 ||    91
